 Dungeon Crawl Stone Soup version 0.25-a0-780-g622e69b (webtiles) character file.

Game seed: 12504874152074338102, levelgen mode: deterministic

193 Gadicath the Slasher (level 5, -2/40 HPs)
             Began as a Barachi Skald on Apr 14, 2020.
             Slain by Natasha (4 damage)
             ... on level 3 of the Dungeon.
             The game lasted 00:10:06 (1781 turns).

Gadicath the Slasher (Barachi Skald)                Turns: 1781, Time: 00:10:06

Health: -2/40      AC: 10    Str: 13    XL:     5   Next: 72%
Magic:  7/8        EV: 11    Int: 13    God:
Gold:   67         SH:  0    Dex: 12    Spells: 3/9 levels left

rFire    . . .     SeeInvis .   a - +0 falchion
rCold    . . .     Gourm    .   (no shield)
rNeg     . . .     Faith    .   c - +2 ring mail {rPois}
rPois    +         Spirit   .   (no helmet)
rElec    .         Reflect  .   h - +2 cloak
rCorr    .         Harm     .   (no gloves)
MR       .....                  (no boots)
Stlth    ..........             (no amulet)
HPRegen  0.13/turn              g - ring of attention (curse)
MPRegen  0.11/turn              (no ring)

@: mighty, slow
A: +LOS, swims, slowness 1, strong legs 1
a: Hop


You were on level 3 of the Dungeon.
You were hungry.

You visited 1 branch of the dungeon, and saw 3 of its levels.

You collected 67 gold pieces.

Inventory:

Hand Weapons
 a - a +0 falchion (weapon)
Armour
 c - a +2 ring mail of poison resistance (worn)
 h - a +2 cloak (worn)
Jewellery
 g - a cursed ring of attention (left hand)
Scrolls
 b - 2 scrolls of teleportation
Potions
 e - a potion of heal wounds {unknown}
Comestibles
 d - 3 rations


   Skills:
 + Level 2.8 Fighting
 + Level 4.6 Long Blades
 + Level 2.3 Armour
 + Level 2.9 Dodging
 + Level 0.8 Stealth
 + Level 2.5 Spellcasting
 + Level 4.3 Charms
 + Level 0.2 Translocations


You had 3 spell levels left.
You knew the following spells:

 Your Spells              Type           Power        Failure   Level  Hunger
a - Infusion              Chrm           ##..         9%          1    #......
b - Shroud of Golubria    Chrm/Tloc      #.....       30%         2    ###....
c - Spectral Weapon       Hex/Chrm       #.......     54%         3    ###....

Your spell library contained the following spells:

 Spells                   Type           Power        Failure   Level  Hunger
 Song of Slaying          Chrm           ##......     13%         2    ###....
 Ozocubu's Armour         Chrm/Ice       #.......     54%         3    ###....


Dungeon Overview and Level Annotations

Branches:
Dungeon (3/15)

Altars:
Cheibriados
Sif Muna

Annotations:
D:3 Natasha


Innate Abilities, Weirdness & Mutations

You can be seen from farther away. (+LOS)
You can swim through water.
You cover ground slowly.
You can hop short distances.


Message History

The crimson imp hits you but does no damage.
Natasha claws you!
* * * LOW HITPOINT WARNING * * *
You closely miss the crimson imp.
The crimson imp is heavily wounded.
The crimson imp hits you but does no damage.
Natasha barely misses you.
You hit the crimson imp but do no damage.
The crimson imp is heavily wounded.
The crimson imp hits you.
* * * LOW HITPOINT WARNING * * *
Natasha claws you.
* * * LOW HITPOINT WARNING * * *
The crimson imp hits you but does no damage.
Natasha claws you but does no damage.
Items here: ))) [[ †††† Your magical contamination has completely faded away.
The crimson imp disappears in a puff of smoke!
Natasha claws you.
You die...

#..# #..# #.. ##..
... #.# #
########.##### #.###
#............# #.....
#@######.###.#####
#.....# #h# #†#
#......
.......##)######.#
######.
.........§.......##
#.
..................##
#.
.#.).####.#####..#†##
###. #.. #.#
#.###.###.). # #.#
#.# ##.##.## #.# #.#
##.#.#


You could see Natasha.

Vanquished Creatures
  Purgy (D:3)
  Terence (D:2)
  2 adders
  A worm (D:2)
  2 dart slugs
  A leopard gecko (D:1)
  4 orcs (D:3)
  4 bats (D:1)
  A giant cockroach (D:2)
  4 goblins
  5 hobgoblins (D:1)
  7 jackals
  2 frilled lizards (D:1)
  5 kobolds (D:1)
  5 rats
45 creatures vanquished.

Notes
Turn   | Place    | Note
-------+----------+-------------------------------------------
     0 | D:1      | Gadicath the Barachi Skald began the quest for the Orb.
     0 | D:1      | Reached XP level 1. HP: 17/17 MP: 3/3
   412 | D:1      | Reached XP level 2. HP: 23/23 MP: 5/5
   736 | D:1      | Reached XP level 3. HP: 21/28 MP: 6/6
  1218 | D:2      | Noticed Terence
  1222 | D:2      | Learned a level 2 spell: Shroud of Golubria
  1249 | D:2      | Killed Terence
  1249 | D:2      | Reached XP level 4. HP: 23/34 MP: 5/7
  1256 | D:2      | Learned a level 3 spell: Spectral Weapon
  1445 | D:2      | Found a snail-covered altar of Cheibriados.
  1537 | D:2      | Found a snail-covered altar of Cheibriados.
  1537 | D:2      | Found a shimmering blue altar of Sif Muna.
  1731 | D:3      | Noticed Natasha
  1732 | D:3      | Noticed Purgy
  1764 | D:3      | Killed Purgy
  1764 | D:3      | Reached XP level 5. HP: 13/40 MP: 5/8
  1778 | D:3      | HP: 1/40 [Natasha (3)]
  1781 | D:3      | Slain by Natasha

Levels and vault maps discovered:
D:1:      dpeg_arrival_refuge, layout_basic, chequers_serial_rivers_large_a
D:2:      layout_rooms, gammafunk_temple_overflow_statue, cheibriados_altar_1,
          uniq_terence
D:3:      layout_loops_ring, lemuel_crystal_altar, kiku_gazebo_garden_becter,
          bloody_trog, nicolae_ru_the_path_less_chosen, uniq_natasha, uniq_ijyb,
          uniq_purgy

Skill      XL: |  1  2  3  4 |
---------------+-------------+-----
Long Blades    | 3 4 |  4.6
Charms         | 4 |  4.3
Armour         | 2 |  2.3
Fighting       | |  2.8
Dodging        | |  2.9
Stealth        | |  0.8
Spellcasting   | |  2.5
Translocations | |  0.2

Action                   |  1- 3 |  4- 6 || total
-------------------------+-------+-------++-------
Melee: Falchion          |   140 |    61 ||   201
 Cast: Shroud of Golubri |     1 |     1 ||     2
       Infusion          |     1 |       ||     1
  Use: Scroll            |     4 |     2 ||     6
       Potion            |       |     2 ||     2
  Eat: Ration            |     1 |       ||     1
Armor: Leather armour    |     6 |       ||     6
       Ring mail         |    49 |    56 ||   105
Dodge: Dodged            |   104 |    52 ||   156
       Rpst.: Falchion   |    23 |    11 ||    34

Table legend:
 A = Non-vault XP
 B = Vault XP
 C = Vault XP percentage of total XP
 D = Non-vault monster count
 E = Vault monster count
 F = Vault count percentage of total count
                 A         B        C        D         E       F
            +---------+---------+-------+---------+---------+-------
      Total |     108 |     168 |  60.9 |      43 |       2 |   4.4
            +---------+---------+-------+---------+---------+-------
        D:1 |      39 |       0 |   0.0 |      23 |       0 |   0.0
        D:2 |      36 |      36 |  50.0 |      10 |       1 |   9.1
        D:3 |      33 |     132 |  80.0 |      10 |       1 |   9.1
            +---------+---------+-------+---------+---------+-------
